Cogmind - Beta 16 @@@ ROGUE MODE // 2025.11.03 @ 16:11:32 Player: shapeshifter Result: Destroyed by 6S-H0T with 6S-H0T's Six Shooter Performance ------------- Evolutions (6) 3000 Regions Visited (19) 3800 Robots Destroyed (283) 1415 Value Destroyed (15153) 15153 Prototype IDs (46) 920 Alien Tech Used (0) 0 Bonus (12998) 12998 TOTAL SCORE: 37286 Bonus ------- High Alert Combat Kills 3309 Follower Combat Kills 3098 Entered Garrisons 1400 Used RIF Installer 5000 Aligned with FarCom 300 Friendly Fire -109 Cogmind --------- Core Integrity 0/1150 Matter 68/300 Energy 100/100 System Corruption 4% Temperature Cool (0) Movement Core (50) Location -4/Factory Parts ------- > --- POWER (2) -------- (None) > --- PROPULSION (5) --- (None) > --- UTILITY (8) ------ Improved Armor Integrity Analyzer Chronowheel > --- WEAPON (4) ------- (None) > --- INVENTORY (5) ---- Matter Compressor (0) Tactical Quantum Warhead Tactical Quantum Warhead Tactical Quantum Warhead Peak State ------------ > --- POWER ------------ Quantum Reactor Light Quantum Reactor > --- PROPULSION ------- Advanced Medium Treads Improved Heavy Siege Treads Improved Heavy Siege Treads > --- UTILITY ---------- Advanced Heat Sink Huge Storage Unit Improved Armor Integrity Analyzer Improved Phase Shifter Advanced EM Shield Advanced Shield Generator Relay Coupler [NC] Relay Coupler [Grunt] > --- WEAPON ----------- Enhanced Hardcell Cannon Enhanced Hardcell Cannon Enhanced Hardcell Cannon Improved Remote Datajack > --- INVENTORY -------- Quantum Reactor Quantum Reactor Improved Cryofiber Web Experimental Energy Well Experimental Energy Well Matter Compressor Improved Launcher Guidance Computer Active Sensor Spoofer Advanced Shield Generator Advanced Point Defense System Relay Coupler [Brawler] Relay Coupler [Sentry] Relay Coupler [Heavy] Chronowheel Compact HERF Cannon Enhanced Nova Cannon Enhanced Nova Cannon Gamma Bomb Array Tactical Quantum Warhead Tactical Quantum Warhead Tactical Quantum Warhead Tactical Quantum Warhead Improved Remote Datajack Improved Plasma Cutter [Rating: 146] Favorites ----------- Power Light Ion Engine Engine Light Ion Engine Power Core Enhanced Nuclear Core Reactor Particle Reactor Propulsion Light Treads Treads Light Treads Leg Carbon-fiber Leg Wheel Armored Huge Wheel Utility Huge Storage Unit Device Improved Cooling System Storage Huge Storage Unit Processor Improved Armor Integrity Analyzer Hackware Relay Coupler [NC] Protection Improved Medium Armor Plating Weapon Improved Assault Rifle Energy Gun High-powered Field Laser Energy Cannon Cooled Plasma Cannon Ballistic Gun Improved Assault Rifle Ballistic Cannon Gauss Cannon Launcher Mini Grenade Launcher Special Weapon Remote Datajack Impact Weapon Gravity Flail Special Melee Weapon Improved Datajack Build | -11 -10 -10 -10 -9 -8 -8 -8 -8 -7 -7 -7 -7 -6 -6 -6 -6 -5 -5 -4 ------- Run | Yrd Mat Min Exi Min Mat Gar Mat Gar Fac Gar Fac Gar Fac Gar Fac Gar Fac Gar Fac Slots Evolved 12 | . . . . . 4 . . . 2 . . . 2 . . . 2 . 2 Power 1 | . . . . . . . . . . . . . . . . . . . 1 Propulsion 3 | . . . . . . . . . . . . . 2 . . . . . 1 Utility 6 | . . . . . 2 . . . 2 . . . . . . . 2 . . Weapon 2 | . . . . . 2 . . . . . . . . . . . . . . Parts Attached 231 | 6 8 1 3 1 7 8 . 13 17 16 . 11 3 12 35 21 29 21 19 Power 21 | 1 1 . . . 1 . . 2 3 1 . . . 2 1 3 1 2 3 Engine 10 | 1 1 . . . . . . 2 1 1 . . . 1 1 2 . . . Core 2 | . . . . . 1 . . . 1 . . . . . . . . . . Reactor 9 | . . . . . . . . . 1 . . . . 1 . 1 1 2 3 Propulsion 43 | 2 1 1 1 . . 1 . 3 . 3 . . 1 . 10 9 4 4 3 Treads 20 | 2 1 1 1 . . . . . . 3 . . 1 . 2 2 2 3 2 Leg 6 | . . . . . . . . . . . . . . . . 5 . 1 . Wheel 17 | . . . . . . 1 . 3 . . . . . . 8 2 2 . 1 Hover . | . . . . . . . . . . . . . . . . . . . . Flight . | . . . . . . . . . . . . . . . . . . . . Utility 90 | 1 3 . 1 . 4 3 . 3 9 8 . 8 2 5 11 5 10 10 7 Device 27 | . 1 . . . . 2 . 2 3 1 . 2 . 1 3 1 6 1 4 Storage 8 | 1 2 . 1 . . . . . . . . . 1 . 1 . 1 . 1 Processor 6 | . . . . . . . . . 1 1 . . . . . . 2 2 . Hackware 35 | . . . . . 2 . . . 4 4 . 6 1 3 5 1 . 7 2 Protection 14 | . . . . . 2 1 . 1 1 2 . . . 1 2 3 1 . . Artifact . | . . . . . . . . . . . . . . . . . . . . Weapon 77 | 2 3 . 1 1 2 4 . 5 5 4 . 3 . 5 13 4 14 5 6 Energy Gun 19 | . . . . . . . . . 5 . . . . . 5 3 6 . . Energy Cannon 11 | . . . . . . . . . . . . . . 4 3 . 1 . 3 Ballistic Gun 17 | 2 3 . 1 1 2 3 . . . . . . . . . . 4 1 . Ballistic Cannon 10 | . . . . . . . . 3 . 3 . 1 . . . . . 3 . Launcher 6 | . . . . . . 1 . . . . . . . . 3 . . . 2 Special Weapon 12 | . . . . . . . . 1 . 1 . 2 . 1 1 1 3 1 1 Impact Weapon 1 | . . . . . . . . . . . . . . . 1 . . . . Slashing Weapon . | . . . . . . . . . . . . . . . . . . . . Piercing Weapon . | . . . . . . . . . . . . . . . . . . . . Special Melee Weapon 1 | . . . . . . . . 1 . . . . . . . . . . . Unidentified Prototypes 18 | . 1 . . . 1 . . . 4 1 . . . . 10 . . 1 . Corrupted Parts 1 | . . . . . . . . . . . . . . . . . . 1 . System Corruption 2 | . . . . . . . . . . . . . . . . . . 2 . Parts Lost 84 | . 1 . . . . 2 . 8 . 4 . . . 6 9 20 6 5 23 Power 10 | . 1 . . . . . . 2 . . . . . 1 1 2 . . 3 Propulsion 23 | . . . . . . . . 1 . . . . . . 5 7 2 3 5 Utility 19 | . . . . . . . . 1 . 1 . . . 1 1 5 . 1 9 Weapon 32 | . . . . . . 2 . 4 . 3 . . . 4 2 6 4 1 6 Highest Loss Streak 13 | . 1 . . . . 2 . 6 . 1 . . . 5 3 11 3 1 13 To Critical Strikes 4 | . . . . . . . . . . . . . . 1 . . . . 3 Average Backups 20 | 3 14 15 15 16 20 19 18 19 21 21 21 20 20 22 21 20 24 24 22 Power . | . . . . . . . . . . . 1 . 1 . . . 1 1 1 Propulsion 2 | . 1 4 3 4 4 4 4 3 3 2 2 2 1 1 1 1 . . . Utility 10 | . 4 5 5 5 10 10 11 12 14 14 14 13 12 15 14 8 9 11 10 Weapon 4 | . 8 6 6 6 4 3 1 . 1 2 3 2 3 3 4 8 11 8 7 Tool/Special . | . . . . . . . . . . . . . . . . . . . . Unused Backups 69 | . 9 . . . 2 6 . 3 5 5 . 3 2 7 9 1 5 5 7 Power 5 | . 1 . . . 1 . . . . . . . . 1 1 1 . . . Propulsion 6 | . 1 . . . . 3 . . . 1 . . . 1 . . . . . Utility 42 | . 2 . . . 1 3 . 3 5 4 . 3 . 4 6 . 3 3 5 Weapon 15 | . 5 . . . . . . . . . . . 2 1 2 . 2 2 1 Tool/Special 1 | . . . . . . . . . . . . . . . . . . . 1 Average Slot Usage (%) 88 | . 99 100 78 98 99 92 90 79 86 93 84 89 86 81 88 75 84 85 73 Engine 4 | . 13 14 14 14 1 . . 5 1 5 7 . . . . 2 . . . Core 1 | . . . . . 7 9 9 2 1 . . . . . . . . . . Reactor 2 | . . . . . . . . . 4 1 . 6 6 5 5 . 5 5 7 Treads 11 | . 27 28 28 28 18 6 . . . 8 7 7 13 13 10 2 8 6 12 Wheel 3 | . . . . . . 5 9 8 7 1 . . . . 6 9 2 5 . Device 10 | . 13 14 14 14 5 5 9 12 12 13 7 10 13 9 3 3 12 6 11 Storage 9 | . 14 14 14 14 9 9 9 9 7 7 7 7 6 6 6 9 10 10 5 Processor 1 | . . . . . . . . . . . . . . . . . 2 9 5 Hackware 12 | . . . . . 6 12 9 9 19 15 23 23 20 15 22 13 11 15 11 Protection 3 | . . . . . 14 8 9 4 4 6 7 3 . 2 4 3 2 . . Energy Gun 4 | . . . . . . . . . 11 19 . . . . 5 13 13 . . Energy Cannon 2 | . . . . . . . . . . . . . . 11 14 2 1 . . Ballistic Gun 11 | . 28 28 7 26 35 34 36 13 4 . . . . . . . . 17 . Ballistic Cannon 4 | . . . . . . . . 11 2 2 23 21 20 7 . . . 1 11 Special Weapon 3 | . . . . . . . . 2 6 6 . 5 6 5 4 4 4 2 3 Peak Build Rating 146 | 6 15 13 28 28 36 46 46 57 69 70 62 69 84 86 93 85 107 128 146 Average Rating 60 | 5 13 13 16 19 33 41 46 50 63 64 62 66 82 83 83 63 98 101 120 On Entrance 53 | . 6 13 13 28 19 36 46 46 57 64 62 62 69 84 85 71 85 95 125 Avg Prop Armor Cover (%) 11 | . . . . . . . . . . . . . . . 15 5 9 10 33 Naked Turns . | . . . . . . . . . . . . . . . . . . . . Heaviest Build 172 | 10 90 30 94 94 115 110 110 118 124 124 120 135 128 142 142 121 124 145 172 Greatest Support 180 | 40 40 40 40 40 40 40 28 28 28 75 75 75 150 150 150 90 116 150 180 Greatest Overweight (x) 31 | . 4 . 2 2 2 3 3 4 4 4 1 1 . . 8 7 9 31 8 Average Overweight (x) 1 | . . . . 2 2 2 3 3 3 1 1 1 . . 1 2 1 1 . Largest Inventory Capacity 25 | 8 25 15 25 25 25 25 25 25 25 25 25 25 25 25 25 25 25 25 25 Average Capacity 23 | 7 17 15 19 25 25 25 25 25 25 25 25 25 25 25 25 25 25 25 24 Most Carried 25 | 6 21 15 20 23 25 25 25 25 25 25 25 25 25 25 25 25 25 25 25 Average Carried 22 | 3 14 15 17 20 24 24 25 24 24 24 25 24 23 24 23 21 24 24 22 Final Capacity 25 | 8 15 15 25 25 25 25 25 25 25 25 25 25 25 25 25 25 25 25 25 Final Carried 25 | 6 15 15 20 23 25 25 25 25 25 25 25 25 25 24 25 25 24 25 25 Class Distribution -------------------- 28% | Botlord-Tank 23% | Mutant 8% | Bothacker-Tank 6% | Tank 6% | Bothacker-Skirmisher 4% | Skirmisher 3% | Hacker-Skirmisher 3% | Gunner Dominant Class ---------------- Mutant | -10/Materials Mutant | -10/Mines Mutant | -10/Exiles Mutant | -9/Mines Tank | -8/Materials Skirmisher | -8/Garrison Bothacker-Skirmisher | -8/Materials Bothacker-Skirmisher | -8/Garrison Bothacker-Tank | -7/Factory Botlord-Tank | -7/Garrison Commander-Tank | -7/Factory Botlord-Tank | -7/Garrison Botlord-Tank | -6/Factory Botlord-Tank | -6/Garrison Botlord-Tank | -6/Factory Scavenger-Tank | -6/Garrison Tank | -5/Factory Botlord-Tank | -5/Garrison Botlord-Tank | -4/Factory Resources | -11 -10 -10 -10 -9 -8 -8 -8 -8 -7 -7 -7 -7 -6 -6 -6 -6 -5 -5 -4 ----------- Run | Yrd Mat Min Exi Min Mat Gar Mat Gar Fac Gar Fac Gar Fac Gar Fac Gar Fac Gar Fac Matter Collected 10807 | 274 507 22 . 152 16 1569 341 1043 291 299 . 704 . 933 1213 306 392 1974 771 Remotely . | . . . . . . . . . . . . . . . . . . . . Salvage Created 11962 | 99 720 . . 89 16 1418 648 853 775 1498 . 240 . 594 1141 741 738 1564 828 Parts 542 | 4 46 . . 5 5 70 30 69 23 44 . 23 . 20 43 29 36 66 29 Haulers Intercepted 5 | . 1 . . . . . . . 3 . . . . . . . . . 1 Recyclers Shooed 7 | . 1 . . . . . . . . . . . . . 3 . . . 3 Parts Field Recycled . | . . . . . . . . . . . . . . . . . . . . Retrieved Matter . | . . . . . . . . . . . . . . . . . . . . Parts Self-Destructed . | . . . . . . . . . . . . . . . . . . . . Prevented . | . . . . . . . . . . . . . . . . . . . . Parts Restored . | . . . . . . . . . . . . . . . . . . . . Kills | -11 -10 -10 -10 -9 -8 -8 -8 -8 -7 -7 -7 -7 -6 -6 -6 -6 -5 -5 -4 ------- Run | Yrd Mat Min Exi Min Mat Gar Mat Gar Fac Gar Fac Gar Fac Gar Fac Gar Fac Gar Fac Combat Hostiles Destroyed 237 | . 16 . . 2 . 25 11 34 9 16 . 8 . 17 20 28 12 25 14 Melee 1 | . . . . . . . . 1 . . . . . . . . . . . Guns 156 | . 16 . . 2 . 25 11 23 9 11 . . . . 7 16 11 25 . Cannons 47 | . . . . . . . . 10 . 1 . 8 . 17 2 1 . . 8 AOE 20 | . . . . . . . . . . . . . . . 8 10 . . 2 Classes Destroyed 19 | 2 6 . . . . 1 1 3 3 1 . . . . 2 . . . . Worker 11 | . 2 . . . . . . . 2 . . . . . 6 . . . 1 Builder 8 | . . . . . . . . . 1 . . . . . 5 . . . 2 Tunneler 4 | 2 1 . . . . . . . . . . . . . 1 . . . . Hauler 5 | . 1 . . . . . . . 3 . . . . . . . . . 1 Recycler 6 | 1 2 . . . . . . . . . . . . . 3 . . . . Mechanic 1 | . . . . . . . . . . . . . . . 1 . . . . Operator 2 | . 1 . . . 1 . . . . . . . . . . . . . . Watcher 9 | . 2 . . . . . 2 . 3 . . . . . . . . 1 1 Swarmer 67 | . 8 . . . . 14 . 15 . 5 . . . 5 . 11 . 6 3 Saboteur 4 | . . . . . . . . 4 . . . . . . . . . . . Grunt 81 | . 8 . . 2 . 9 7 9 3 6 . 2 . 5 10 8 . 9 3 Brawler 2 | . . . . . . . . . 1 . . . . . . . . 1 . Duelist 7 | . . . . . . . . . 1 . . . . . 4 . . 2 . Sentry 20 | . . . . . . . 4 2 2 3 . . . 1 . 4 2 1 1 Specialist 2 | . . . . . . . . . . 1 . . . . . 1 . . . Hunter 15 | . . . . . . 2 . . . . . . . 3 3 . 2 1 4 Programmer 33 | . . . . . . . . 3 2 1 . 6 . 3 1 2 8 4 3 Heavy 2 | . . . . . . . . . . . . . . . 2 . . . . Behemoth 4 | . . . . . . . . 1 . . . . . . . 2 . 1 . Best Kill Streak 17 | 2 5 . . 2 1 7 9 17 3 4 . 3 . 6 13 9 2 4 5 Combat Bots Only 17 | . 3 . . 2 . 7 7 17 3 4 . 3 . 6 8 9 2 4 4 Max Kills in Single Turn 4 | 1 2 . . 1 1 3 1 2 2 2 . 1 . 2 4 4 1 3 4 Gunslinging 2 | . . . . . . 2 . . . 1 . . . . . 1 . 1 . Exploded 4 | . . . . . . . . . . . . . . . 2 4 . . 1 Melee 1 | . . . . . . . . 1 . . . . . . . . . . . Uniques/NPCs Destroyed . | . . . . . . . . . . . . . . . . . . . . Combat | -11 -10 -10 -10 -9 -8 -8 -8 -8 -7 -7 -7 -7 -6 -6 -6 -6 -5 -5 -4 -------- Run | Yrd Mat Min Exi Min Mat Gar Mat Gar Fac Gar Fac Gar Fac Gar Fac Gar Fac Gar Fac Hostile Shots Fired 1873 | . 61 . . 8 . 103 35 131 84 174 . 63 2 123 124 303 174 101 387 Missed 589 | . 21 . . . . 29 10 38 40 61 . 25 1 26 43 100 42 31 122 Hits 1284 | . 40 . . 8 . 74 25 93 44 113 . 38 1 97 81 203 132 70 265 Melee 9 | . . . . . . . . 1 1 . . . . . 3 . . 4 . Projectile 1275 | . 40 . . 8 . 74 25 92 43 113 . 38 1 97 78 203 132 66 265 AOE 4 | . . . . . . . . . . . . 2 . . 1 . . . 1 Critical Strikes 72 | . 2 . . . . 1 . 8 1 1 . 1 . 5 5 4 9 6 29 Part Disruptions 2 | . . . . . . . . . . . . . . . . . 1 . 1 Damage Taken 20326 | . 441 . . 101 . 948 378 1468 572 1416 . 508 18 1503 1823 3037 2051 1200 4862 Core 3124 | . 37 . . 16 . 140 30 253 71 236 . 61 . 100 76 469 298 168 1169 Absorbed by Shields 1450 | . . . . . . . . . . . . . . . . 692 . 237 521 Reduced by Siege Mode 72 | . . . . . . . . . . . . . . . . . 72 . . Redirected to Shielding 433 | . . . . . . . . . . . . . . . . 433 . . . Ignored by Resistances 411 | . . . . . . . . . . . . . . . . . 388 12 11 Core Remaining (%) 54 | 100 . . . 78 . . . 23 . . . 47 . . . 24 . 53 . Volleys Fired 804 | 7 57 1 . 7 1 132 24 38 37 82 . 36 5 61 68 60 68 71 49 Largest 4 | 2 2 2 . 2 4 4 4 4 3 3 . 3 1 3 4 4 3 4 4 Hottest 364 | 40 46 46 . 46 92 97 97 148 210 210 . 120 5 120 364 364 282 132 294 Shots Fired 2126 | 14 114 3 . 15 4 448 96 170 116 214 . 72 5 117 144 111 130 256 97 Gun 1625 | 14 114 3 . 15 4 445 96 84 107 193 . . . . 77 94 128 251 . Cannon 398 | . . . . . . . . 86 . 7 . 69 . 106 40 6 1 . 83 Launcher 25 | . . . . . . 3 . . . . . . . . 7 8 . . 7 Special 78 | . . . . . . . . . 9 14 . 3 5 11 20 3 1 5 7 Kinetic 1349 | 14 114 3 . 15 4 445 96 170 23 7 . 69 . 70 . . . 251 68 Thermal 663 | . . . . . . . . . 84 193 . . . 36 117 100 128 . 5 Explosive 20 | . . . . . . 3 . . . . . . . . 7 8 . . 2 Electromagnetic 16 | . . . . . . . . . . . . . . . . . 1 . 15 Robot Hit Streak 29 | 5 11 1 . 4 5 29 21 22 18 26 . 7 3 14 8 11 8 13 8 Robot Miss Streak 6 | 3 3 2 . 3 . 5 2 5 4 5 . 4 1 2 5 4 5 6 6 Penetration Max 1 | . . . . . . 1 1 1 . . . . . . . . . 1 . Secondary Targets 25 | . . . . . . 10 2 . 1 3 . . . . 1 4 1 3 . Max Gunslinging Chain 2 | . . . . . . 2 1 . 1 1 . . . . 1 1 1 1 . Autonomous 64 | . . . . . . . . 40 24 . . . . . . . . . . Shots Hit Robots 1346 | 9 71 1 . 8 2 304 65 86 80 146 . 31 4 64 91 92 83 152 57 Core Hits 586 | 6 33 . . 5 2 108 28 41 27 51 . 10 . 23 54 65 28 66 39 Critical Kills 3 | . 1 . . . . . . 1 . . . . . . . . . 1 . Critical Parts Destroyed 8 | . . . . . . . 2 2 . . . . . . . . . 4 . Critical Strikes 60 | . 1 . . . . . 2 5 4 18 . 5 . 6 6 5 2 5 1 Burn 34 | . . . . . . . . . 4 17 . . . . 6 5 2 . . Destroy 11 | . 1 . . . . . 2 3 . . . . . . . . . 5 . Blast 15 | . . . . . . . . 2 . 1 . 5 . 6 . . . . 1 Melee Attacks . | . . . . . . . . . . . . . . . . . . . . Impact . | . . . . . . . . . . . . . . . . . . . . Slashing . | . . . . . . . . . . . . . . . . . . . . Piercing . | . . . . . . . . . . . . . . . . . . . . Sneak Attacks . | . . . . . . . . . . . . . . . . . . . . Combat Hostiles . | . . . . . . . . . . . . . . . . . . . . Follow-up Attacks . | . . . . . . . . . . . . . . . . . . . . Damage Inflicted 34940 | 63 1095 12 . 113 28 3173 1175 2596 1955 3282 . 957 . 1605 4223 4294 2573 4141 3655 Guns 22934 | 63 1095 12 . 113 28 3173 1175 1446 1955 3149 . . . . 1500 2547 2537 4141 . Cannons 6947 | . . . . . . . . 1150 . 133 . 957 . 1605 695 223 36 . 2148 Explosions 5059 | . . . . . . . . . . . . . . . 2028 1524 . . 1507 Melee . | . . . . . . . . . . . . . . . . . . . . Ramming . | . . . . . . . . . . . . . . . . . . . . Kinetic 16870 | 63 1095 12 . 113 28 3173 1175 2596 581 133 . 957 . 1091 . . . 4141 1712 Thermal 13065 | . . . . . . . . . 1374 3149 . . . 514 2195 2770 2537 . 526 Explosive 4271 | . . . . . . . . . . . . . . . 2028 1524 . . 719 Electromagnetic 734 | . . . . . . . . . . . . . . . . . 36 . 698 Impact . | . . . . . . . . . . . . . . . . . . . . Slashing . | . . . . . . . . . . . . . . . . . . . . Piercing . | . . . . . . . . . . . . . . . . . . . . Highest Corruption 6 | . 1 1 1 1 . 1 1 2 . 2 2 2 . . 1 1 4 6 4 Average Corruption 1 | . 1 1 1 1 . 1 1 1 . 2 2 2 . . 1 1 2 4 3 Corruption Purged 5 | . . . . . . . . . . . . . . . . . 5 . . Corruption Blocked . | . . . . . . . . . . . . . . . . . . . . Effects 169 | . 6 8 5 13 . 2 1 16 . 19 . 21 . . 4 7 13 46 8 Message Errors 38 | . 3 1 1 3 . 1 . 4 . 6 . 3 . . 2 1 3 9 1 Matter Fused 46 | . 1 2 1 3 . . . 6 . 4 . 8 . . 1 2 4 12 2 Heat Flow Errors 21 | . . . . 5 . . . . . 4 . 2 . . . 1 2 3 4 Energy Discharges 23 | . 1 3 1 1 . . . . . 1 . 2 . . . 1 3 10 . Parts Rejected 1 | . . . . . . . . . . . . 1 . . . . . . . Parts Fused 3 | . . . . . . . . 1 . . . 1 . . . 1 . . . Data Loss (minor) 17 | . . 1 1 . . 1 . 3 . 3 . . . . . . . 7 1 Data Loss (major) 7 | . 1 . 1 . . . 1 . . 1 . 1 . . . . . 2 . Misfires 7 | . . 1 . 1 . . . 2 . . . 2 . . . 1 . . . Alerts 2 | . . . . . . . . . . . . 1 . . . . . 1 . Weapon Failures 4 | . . . . . . . . . . . . . . . 1 . 1 2 . Overload Shots 2 | . . . . . . . . . . . . . . 2 . . . . . Overflow Damage 498 | . . . . . . . . 35 . . . 61 . 23 119 48 . . 212 Projectiles 188 | . . . . . . . . 35 . . . 61 . 23 1 . . . 68 Explosions 310 | . . . . . . . . . . . . . . . 118 48 . . 144 Melee . | . . . . . . . . . . . . . . . . . . . . Knockbacks 29 | . . . . . . . . 2 . 1 . 9 . 2 . . . . 15 Impact . | . . . . . . . . . . . . . . . . . . . . Kinetic 25 | . . . . . . . . 2 . 1 . 9 . 2 . . . . 11 Secondary 4 | . . . . . . . . . . . . . . . . . . . 4 Self-Inflicted Damage 407 | . . . . . . . . . . . . . . . 44 . . . 363 Shots 6 | . . . . . . . . . . . . . . . 1 . . . 5 Rammed . | . . . . . . . . . . . . . . . . . . . . Targets Rammed . | . . . . . . . . . . . . . . . . . . . . Kicked . | . . . . . . . . . . . . . . . . . . . . Crushed . | . . . . . . . . . . . . . . . . . . . . Highest Temperature 600 | . 29 . . 281 39 320 3 18 180 175 . 194 . 12 349 600 349 235 396 Average Temperature 119 | . 10 . . 98 21 114 3 13 71 35 . 102 . 7 67 188 153 75 106 Received Heat Transfer 3244 | . 183 . . 57 . 234 171 327 144 402 . 78 9 211 294 670 45 295 124 Effects 11 | . . . . . . 1 . . . . . . . . . 5 5 . . Shutdowns 3 | . . . . . . 1 . . . . . . . . . 2 . . . Energy Bleed 3 | . . . . . . . . . . . . . . . . 1 2 . . Interference 3 | . . . . . . . . . . . . . . . . . 3 . . Short Circuit 1 | . . . . . . . . . . . . . . . . 1 . . . Damage (major) 1 | . . . . . . . . . . . . . . . . 1 . . . Siege Activations 1 | . . . . . . . . . . . . . . . . . 1 . . Total Turns 37 | . . . . . . . . . . . . . . . . . 37 . . Longest Duration 37 | . . . . . . . . . . . . . . . . . 37 . . Martial Activations . | . . . . . . . . . . . . . . . . . . . . Shielding Activations . | . . . . . . . . . . . . . . . . . . . . Robots Disrupted . | . . . . . . . . . . . . . . . . . . . . Combat Hostiles . | . . . . . . . . . . . . . . . . . . . . Robots Corrupted 4 | . . . . . . . . . . . . . . . . . . . 4 Combat Hostiles 4 | . . . . . . . . . . . . . . . . . . . 4 Parts Fried 5 | . . . . . . . . . . . . . . . . . . . 5 Impact Corruptions . | . . . . . . . . . . . . . . . . . . . . Robots Melted 13 | . . . . . . . . . . 7 . . . . 4 1 1 . . Combat Hostiles 9 | . . . . . . . . . . 4 . . . . 3 1 1 . . Parts Melted 73 | . . . . . . . . . 5 23 . . . 5 23 9 8 . . Heat Transferred 22846 | . . . . . . . . . 2479 6173 . . . 800 4350 5335 3367 . 342 Parts Sabotaged 12 | . . . . . . . . 1 . . . . . . . . . 11 . Parts Stolen . | . . . . . . . . . . . . . . . . . . . . Parts Stripped . | . . . . . . . . . . . . . . . . . . . . Power Chain Reactions 1 | . . . . . . . . . . . . . . . . . . . 1 Alert | -11 -10 -10 -10 -9 -8 -8 -8 -8 -7 -7 -7 -7 -6 -6 -6 -6 -5 -5 -4 ------- Run | Yrd Mat Min Exi Min Mat Gar Mat Gar Fac Gar Fac Gar Fac Gar Fac Gar Fac Gar Fac Maximum Alert Level 5 | . . . . . . 4 3 5 3 5 3 4 3 3 3 3 2 2 2 Low Security (%) 28 | 100 100 100 . 100 100 15 . . . . . . . . . . 58 12 . Level 1 9 | . . . . . . 27 . . . . . . . . . . 34 20 67 Level 2 21 | . . . . . . 12 56 16 13 8 85 17 . 20 83 19 6 67 32 Level 3 27 | . . . . . . 34 43 36 86 39 14 22 100 79 16 80 . . . Level 4 12 | . . . . . . 9 . 42 . 51 . 60 . . . . . . . Level 5 . | . . . . . . . . 4 . . . . . . . . . . . High Security . | . . . . . . . . . . . . . . . . . . . . Max Security . | . . . . . . . . . . . . . . . . . . . . Peak Influence 1644 | 5 193 67 . 50 105 1308 883 1644 863 1603 841 1598 838 1015 887 897 446 559 495 Initial 863 | . . 67 . . . 54 637 567 863 550 841 452 838 531 532 616 446 51 290 Average 573 | 1 72 6 . 1 13 599 705 1026 742 1118 695 1150 797 806 632 812 193 412 363 Influence Increases 10511 | 15 626 . . 50 180 1414 346 1157 414 1113 6 1226 1 624 1213 535 230 613 748 Destroy 0b10 Robot/C 5007 | . 320 . . 40 100 640 220 680 220 500 . 537 . 264 420 348 144 364 210 Destroy 0b10 Robot/NC 308 | 15 45 . . . 5 40 10 . 45 28 . . . . 93 . . 9 18 Destroy Leader 678 | . 96 . . 10 20 40 54 30 72 46 . 24 . 24 108 30 42 30 52 Allied During Kill 832 | . . . . . 18 49 . . 9 100 . 336 . 66 149 3 . 52 50 Successful Hack 208 | . 12 . . . 7 12 17 . 48 30 6 29 . 9 11 9 9 9 . Select Force Hacks 30 | . 30 . . . . . . . . . . . . . . . . . . Disable Machine 544 | . . . . . . 60 45 15 15 . . . . . 153 . . . 256 Anti-Garrison Action 1655 | . . . . . . 500 . 350 . 326 . 189 . 150 . 60 . 80 . Destroy Structure 932 | . 3 . . . . 58 . 37 5 68 . 99 1 102 279 49 26 51 154 Lose Combat Pursuer 317 | . 120 . . . 30 15 . 45 . 15 . 12 . 9 . 36 9 18 8 Influence Decreases 10183 | 15 453 173 . 50 96 190 781 386 1271 297 962 275 840 368 1348 564 1007 133 974 Entered New Map 5515 | . . 106 . . . 30 671 306 781 237 762 195 760 228 483 264 405 23 264 Time Decay 2868 | 15 443 67 . 50 76 . 110 . 490 . 50 . 80 . 565 . 542 . 380 Lost Part 840 | . 10 . . . . 20 . 80 . 40 . . . 60 90 200 60 50 230 Lost Ally 810 | . . . . . 20 140 . . . 20 . 80 . 80 210 100 . 60 100 Purge Threat 150 | . . . . . . . . . . . 150 . . . . . . . . Squads Dispatched 32 | . 5 . . . . . 3 . 5 . . . . . 9 . 6 . 4 Investigation 3 | . 2 . . . . . . . . . . . . . . . 1 . . Extermination 9 | . . . . . . . . . 2 . . . . . 3 . 4 . . Reinforcement 12 | . 3 . . . . . 1 . 1 . . . . . 4 . 1 . 2 Assault 4 | . . . . . . . . . . . . . . . 2 . . . 2 Garrison 4 | . . . . . . . 2 . 2 . . . . . . . . . . Intercept . | . . . . . . . . . . . . . . . . . . . . Searches Triggered . | . . . . . . . . . . . . . . . . . . . . Unchained Authorized 1 | . . . . . . . . . . . . . . . . . . . 1 Construction Impeded 1 | . . . . . . . . . . . . . . . 1 . . . . Haulers Reinforced 3 | . . . . . . . . . 1 . . . . . . . . . 2 Active Scanning Responses . | . . . . . . . . . . . . . . . . . . . . Cargo Convoy Interrupts 1 | . . . . . . . . . . . . . . . 1 . . . . Stealth | -11 -10 -10 -10 -9 -8 -8 -8 -8 -7 -7 -7 -7 -6 -6 -6 -6 -5 -5 -4 --------- Run | Yrd Mat Min Exi Min Mat Gar Mat Gar Fac Gar Fac Gar Fac Gar Fac Gar Fac Gar Fac Distress Signals 8 | . 2 . . . 1 . 1 . 1 . . . . . 2 . . . 1 Communications Jammed 238 | . . . . . . . . . 49 . . . . . 167 . 2 19 1 Distress Signals 238 | . . . . . . . . . 49 . . . . . 167 . 2 19 1 Times Spotted 401 | . 27 . . 2 3 34 18 34 21 34 . 27 1 22 63 35 14 37 29 Peak Tracking Total 13 | . 8 . . 2 5 6 6 8 3 4 . 4 1 6 10 13 2 5 5 Tactical Retreats 18 | . 5 . . . 1 1 . 2 . 1 . 1 . 1 . 2 1 2 1 Traps | -11 -10 -10 -10 -9 -8 -8 -8 -8 -7 -7 -7 -7 -6 -6 -6 -6 -5 -5 -4 ------- Run | Yrd Mat Min Exi Min Mat Gar Mat Gar Fac Gar Fac Gar Fac Gar Fac Gar Fac Gar Fac Traps Triggered 39 | . 5 . . . . 3 . 6 2 4 . 5 . . 2 4 . 8 . Indirectly . | . . . . . . . . . . . . . . . . . . . . Trap Hack Attempts 1 | . . . . . . . . 1 . . . . . . . . . . . Triggered . | . . . . . . . . . . . . . . . . . . . . Disarmed . | . . . . . . . . . . . . . . . . . . . . Reprogrammed 1 | . . . . . . . . 1 . . . . . . . . . . . Reused . | . . . . . . . . . . . . . . . . . . . . Traps Extracted . | . . . . . . . . . . . . . . . . . . . . Installed . | . . . . . . . . . . . . . . . . . . . . Triggered . | . . . . . . . . . . . . . . . . . . . . Most Traps Carried 4 | . . . . . . 4 4 4 4 4 4 4 4 4 4 . . . . Machines | -11 -10 -10 -10 -9 -8 -8 -8 -8 -7 -7 -7 -7 -6 -6 -6 -6 -5 -5 -4 ---------- Run | Yrd Mat Min Exi Min Mat Gar Mat Gar Fac Gar Fac Gar Fac Gar Fac Gar Fac Gar Fac Machines Disabled 81 | . . . . . . 8 3 6 1 5 . 4 . 3 17 1 . 1 32 Max in Single Turn 18 | . . . . . . 1 2 2 1 2 . 2 . 2 3 1 . 1 18 Garrison Access 1 | . . . . . . . . . . . . . . . . . . . 1 Garrison Relay 16 | . . . . . . 4 . 3 . 3 . 2 . 1 . 1 . 2 . Phase Generator 4 | . . . . . . . . 1 . 1 . 1 . 1 . . . . . Machines Repaired . | . . . . . . . . . . . . . . . . . . . . Machines Dismantled . | . . . . . . . . . . . . . . . . . . . . Machines Sabotaged . | . . . . . . . . . . . . . . . . . . . . Overloaded Fab Kills . | . . . . . . . . . . . . . . . . . . . . Hacking | -11 -10 -10 -10 -9 -8 -8 -8 -8 -7 -7 -7 -7 -6 -6 -6 -6 -5 -5 -4 --------- Run | Yrd Mat Min Exi Min Mat Gar Mat Gar Fac Gar Fac Gar Fac Gar Fac Gar Fac Gar Fac Machines Accessed 68 | . 6 . 2 . 3 3 3 2 10 5 2 4 2 3 9 2 8 2 2 Terminals 44 | . 4 . . . 2 3 1 2 5 5 1 4 . 3 4 2 4 2 2 Fabricators 9 | . . . . . . . . . 4 . . . 1 . 2 . 2 . . Repair Stations . | . . . . . . . . . . . . . . . . . . . . Recycling Units 4 | . 2 . . . . . . . . . . . . . 1 . 1 . . Scanalyzers 2 | . . . . . . . 1 . . . . . . . 1 . . . . Garrison Access 7 | . . . . . 1 . 1 . 1 . 1 . 1 . 1 . 1 . . Total Hacks 143 | . 17 . 2 . 9 9 10 7 23 11 3 6 2 6 16 3 14 3 2 Successful 55 | . 8 . 2 . 4 2 7 1 6 4 3 3 1 2 6 1 4 1 . Failed 88 | . 9 . . . 5 7 3 6 17 7 . 3 1 4 10 2 10 2 2 Catastrophic 22 | . 2 . . . 1 2 1 . 2 1 . 1 1 1 3 1 4 . 2 Database Lockouts . | . . . . . . . . . . . . . . . . . . . . Manual 42 | . 15 . 1 . 8 2 7 . 5 1 . . . . 2 . . . 1 Terminals 103 | . 13 . . . 7 9 7 7 14 11 2 6 . 6 6 3 7 3 2 Fabricators 17 | . . . . . . . . . 8 . . . 1 . 4 . 4 . . Repair Stations . | . . . . . . . . . . . . . . . . . . . . Recycling Units 8 | . 4 . . . . . . . . . . . . . 2 . 2 . . Scanalyzers 5 | . . . . . . . 2 . . . . . . . 3 . . . . Garrison Access 8 | . . . . . 2 . 1 . 1 . 1 . 1 . 1 . 1 . . Terminal Hacks 29 | . 2 . 2 . 1 2 3 1 2 4 2 3 . 2 2 1 1 1 . Record 1 | . . . 1 . . . . . . . . . . . . . . . . Robot Analysis 1 | . . . . . . . . . 1 . . . . . . . . . . Open Door 3 | . . . . . . 1 . . . 1 . 1 . . . . . . . Open DSF 2 | . . . . . . . . . . . . . . . 1 . 1 . . Branch Access Points 1 | . . . . . . . 1 . . . . . . . . . . . . Emergency Access Points 6 | . . . . . . . . 1 . 1 . 1 . 1 . 1 . 1 . Fabricator Index 1 | . . . . . . . . . . . 1 . . . . . . . . Unreport Threat 1 | . . . . . . . . . . . 1 . . . . . . . . Dispatch Records 1 | . . . . . . . . . . . . . . . 1 . . . . Registered Components 1 | . . . . . . . 1 . . . . . . . . . . . . Zone Layout 5 | . 2 . . . 1 . 1 . 1 . . . . . . . . . . Garrison Registry 1 | . . . . . . . . . . 1 . . . . . . . . . Patrol Navigation 2 | . . . . . . 1 . . . . . . . 1 . . . . . Security Stations 2 | . . . . . . . . . . 1 . 1 . . . . . . . Proto ID Catalog 1 | . . . 1 . . . . . . . . . . . . . . . . Fabricator Hacks 5 | . . . . . . . . . 2 . . . . . 1 . 2 . . Network Status 2 | . . . . . . . . . . . . . . . 1 . 1 . . Build 3 | . . . . . . . . . 2 . . . . . . . 1 . . Repair Station Hacks . | . . . . . . . . . . . . . . . . . . . . Recycling Unit Hacks 3 | . 2 . . . . . . . . . . . . . 1 . . . . Retrieve Components 3 | . 2 . . . . . . . . . . . . . 1 . . . . Scanalyzer 3 | . . . . . . . 2 . . . . . . . 1 . . . . Retrieve Study 3 | . . . . . . . 2 . . . . . . . 1 . . . . Garrison Access Hacks 7 | . . . . . 1 . 1 . 1 . 1 . 1 . 1 . 1 . . Unlock Access 7 | . . . . . 1 . 1 . 1 . 1 . 1 . 1 . 1 . . Unauthorized Hacks 8 | . 4 . . . 2 . 1 . 1 . . . . . . . . . . Terminals 7 | . 3 . . . 2 . 1 . 1 . . . . . . . . . . Skim 7 | . 3 . . . 2 . 1 . 1 . . . . . . . . . . Fabricators . | . . . . . . . . . . . . . . . . . . . . Repair Stations . | . . . . . . . . . . . . . . . . . . . . Recycling Units 1 | . 1 . . . . . . . . . . . . . . . . . . Tunnel 1 | . 1 . . . . . . . . . . . . . . . . . . Scanalyzers . | . . . . . . . . . . . . . . . . . . . . Garrison Access . | . . . . . . . . . . . . . . . . . . . . Data Cores Recovered 1 | . . . . . 1 . . . . . . . . . . . . . . Used . | . . . . . . . . . . . . . . . . . . . . Hacking Detections 56 | . 5 . . . 3 2 1 2 9 5 1 3 2 3 9 1 6 2 2 Full Trace Events 6 | . . . . . . 2 . 1 . . . . . 1 . 1 1 . . Feedback Events 1 | . . . . . . 1 . . . . . . . . . . . . . Corruption 1 | . . . . . . 1 . . . . . . . . . . . . . Feedback Blocked . | . . . . . . . . . . . . . . . . . . . . Robot Schematics Acquired . | . . . . . . . . . . . . . . . . . . . . Robots Built . | . . . . . . . . . . . . . . . . . . . . Authchips . | . . . . . . . . . . . . . . . . . . . . Time . | . . . . . . . . . . . . . . . . . . . . Total Robot Build Rating . | . . . . . . . . . . . . . . . . . . . . Part Schematics Acquired . | . . . . . . . . . . . . . . . . . . . . Parts Built 5 | . . . . . . . . . 3 . . . . . . . 2 . . Authchips . | . . . . . . . . . . . . . . . . . . . . Time 167 | . . . . . . . . . 109 . . . . . . . 58 . . Total Part Build Rating 31 | . . . . . . . . . 17 . . . . . . . 14 . . Part Studies Acquired 3 | . . . . . . . 2 . . . . . . . 1 . . . . Parts Repaired . | . . . . . . . . . . . . . . . . . . . . Time . | . . . . . . . . . . . . . . . . . . . . Parts Recycled . | . . . . . . . . . . . . . . . . . . . . Recycled Matter . | . . . . . . . . . . . . . . . . . . . . Retrieved Matter . | . . . . . . . . . . . . . . . . . . . . Retrieved Components 19 | . 9 . . . . . . . . . . . . . 10 . . . . Parts Scanalyzed . | . . . . . . . . . . . . . . . . . . . . Part Schematics Acquired . | . . . . . . . . . . . . . . . . . . . . Parts Damaged . | . . . . . . . . . . . . . . . . . . . . Bothacking | -11 -10 -10 -10 -9 -8 -8 -8 -8 -7 -7 -7 -7 -6 -6 -6 -6 -5 -5 -4 ------------ Run | Yrd Mat Min Exi Min Mat Gar Mat Gar Fac Gar Fac Gar Fac Gar Fac Gar Fac Gar Fac Used RIF Installer 10 | . . . . . . 1 . 2 . 1 . 2 . 2 . . . 2 . Hotswap 1 | . . . . . . . . . . . . 1 . . . . . . . Threat Obfuscator 3 | . . . . . . . . . . 1 . 1 . . . . . 1 . Signal Jammer 1 | . . . . . . . . 1 . . . . . . . . . . . Watcher Feeds 1 | . . . . . . . . . . . . . . . . . . 1 . Structural Interface 1 | . . . . . . . . . . . . . . 1 . . . . . Autooverride 1 | . . . . . . . . 1 . . . . . . . . . . . Autoassimilate 1 | . . . . . . . . . . . . . . 1 . . . . . Robots Hacked 68 | . . . . . . . . . 8 8 . 7 4 6 19 3 1 8 4 Non-combat 11 | . . . . . . . . . 3 . . . 2 . 5 . 1 . . Combat 57 | . . . . . . . . . 5 8 . 7 2 6 14 3 . 8 4 Autooverrided 13 | . . . . . . . . . 2 . . 4 1 1 3 1 . 1 . Autoassimilated 6 | . . . . . . . . . . . . . . . 2 1 . 3 . Robot Hacks Applied 54 | . . . . . . . . . 7 8 . 3 4 5 17 1 1 4 4 parse_system 3 | . . . . . . . . . . 1 . 1 . . 1 . . . . find_chute 2 | . . . . . . . . . 1 . . . . . . . 1 . . find_dsf 1 | . . . . . . . . . . . . . 1 . . . . . . drop_inventory 2 | . . . . . . . . . . . . . 1 . 1 . . . . ignore_parts 2 | . . . . . . . . . . . . . 1 . 1 . . . . block_reporting 1 | . . . . . . . . . 1 . . . . . . . . . . map_route 3 | . . . . . . . . . 1 . . . . . 2 . . . . find_garrison 2 | . . . . . . . . . 1 . . . . . 1 . . . . disrupt_area 1 | . . . . . . . . . . 1 . . . . . . . . . overload_power 1 | . . . . . . . . . . . . . . . . . . . 1 amplify_resonance 15 | . . . . . . . . . 2 3 . 1 . 2 3 1 . . 3 reboot_system 3 | . . . . . . . . . . 1 . . . . 2 . . . . overwrite_iff 3 | . . . . . . . . . . . . 1 . . 2 . . . . formatsys_high 15 | . . . . . . . . . 1 2 . . 1 3 4 . . 4 . Relay Couplers Released 65 | . . . . . . 16 . 10 . 13 . 8 . 4 . 3 . 9 2 Machine Destruction 65 | . . . . . . 16 . 10 . 13 . 8 . 4 . 3 . 9 2 Attached 33 | . . . . . . . . . 4 4 . 6 1 3 5 1 . 7 2 Fabnet Peak Effective % . | . . . . . . . . . . . . . . . . . . . . Robots Rewired 9 | . . . . . . 3 . . . 2 . . . 3 . 1 . . . Allies Hacked 2 | . . . . . . . . . . . . 1 . . 1 . . . . Hacks Repelled . | . . . . . . . . . . . . . . . . . . . . Allies | -11 -10 -10 -10 -9 -8 -8 -8 -8 -7 -7 -7 -7 -6 -6 -6 -6 -5 -5 -4 -------- Run | Yrd Mat Min Exi Min Mat Gar Mat Gar Fac Gar Fac Gar Fac Gar Fac Gar Fac Gar Fac Total Allies 60 | . . 3 . 3 . 5 . . 3 6 . 7 2 7 11 3 . 10 . Largest Group 8 | . . 3 2 3 3 5 . . 2 6 6 8 5 5 8 2 . 6 5 Highest-Rated Group 364 | . . 89 58 40 40 71 . . 48 301 301 364 201 201 309 85 . 238 209 Highest-Rated Ally 113 | . . 31 31 16 16 31 . . 32 95 95 95 90 90 113 85 . 95 49 Total Orders . | . . . . . . . . . . . . . . . . . . . . Ally Attacks 421 | . . . . . 40 44 . . 11 31 . 64 5 44 113 10 . 29 30 Total Damage 11002 | . . . . . 478 424 . . 244 1326 . 2144 87 1100 2820 243 . 1448 688 Kills 105 | . . . . . 5 7 . . 2 12 . 28 . 6 30 1 . 6 8 Allies Corrupted 1 | . . . . . . . . . . . . . . . 1 . . . . Allies Melted 2 | . . . . . . . . . . . . . . . . 2 . . . Intel | -11 -10 -10 -10 -9 -8 -8 -8 -8 -7 -7 -7 -7 -6 -6 -6 -6 -5 -5 -4 ------- Run | Yrd Mat Min Exi Min Mat Gar Mat Gar Fac Gar Fac Gar Fac Gar Fac Gar Fac Gar Fac Active Infowar (turns) 5695 | . 1442 771 688 1795 373 . . . 2 . . . . . 136 . 488 . . Seismic 5069 | . 1442 771 688 1795 373 . . . . . . . . . . . . . . T.N.C. 1 | . . . . . . . . . 1 . . . . . . . . . . Cloaking 487 | . . . . . . . . . . . . . . . . . 487 . . Spoofing 137 | . . . . . . . . . . . . . . . 136 . 1 . . ECM 1 | . . . . . . . . . 1 . . . . . . . . . . Robot Analysis Total 1 | . . . . . . . . . 1 . . . . . . . . . . Derelict Logs Recovered 3 | . . 1 . 2 . . . . . . . . . . . . . . . Drone Launches . | . . . . . . . . . . . . . . . . . . . . Drone Recoveries . | . . . . . . . . . . . . . . . . . . . . Exploration | -11 -10 -10 -10 -9 -8 -8 -8 -8 -7 -7 -7 -7 -6 -6 -6 -6 -5 -5 -4 ------------- Run | Yrd Mat Min Exi Min Mat Gar Mat Gar Fac Gar Fac Gar Fac Gar Fac Gar Fac Gar Fac Turns Passed 22302 | 126 1480 771 692 1795 588 1806 231 1252 1293 2044 105 1650 179 1543 1687 932 1547 1699 882 Spaces Moved 9701 | 63 603 475 328 551 174 706 97 666 704 743 43 611 94 830 855 336 632 793 397 Core 11 | 9 . . . . . . . . . . . . . . . . . 1 1 Treads 6335 | 54 603 475 328 551 174 148 . . . 614 43 611 94 830 519 70 427 424 370 Legs 44 | . . . . . . . . . . . . . . . . 44 . . . Wheels 3311 | . . . . . . 558 97 666 704 129 . . . . 336 222 205 368 26 Hover . | . . . . . . . . . . . . . . . . . . . . Flight . | . . . . . . . . . . . . . . . . . . . . Fastest Speed 50 | 50 160 160 160 320 320 145 145 145 145 160 240 240 160 160 105 107 150 135 50 Average Speed 191 | 144 205 160 208 320 320 181 145 148 152 226 240 240 160 160 159 179 193 168 176 Slowest Speed 1600 | 160 480 160 320 320 320 320 145 160 160 240 240 240 160 160 250 540 232 1600 270 Overloaded Moves . | . . . . . . . . . . . . . . . . . . . . Propulsion Burnouts . | . . . . . . . . . . . . . . . . . . . . Robots Hopped . | . . . . . . . . . . . . . . . . . . . . Potential Cave-ins . | . . . . . . . . . . . . . . . . . . . . Cave-ins Triggered . | . . . . . . . . . . . . . . . . . . . . Exploration Rate (%) 51 | 5 93 94 68 89 19 81 17 66 23 90 2 92 4 89 28 43 16 89 17 Regions Visited 19 Branch Regions 3 Pre-discovered Areas 2 | . 1 . 1 . . . . . . . . . . . . . . . . Known Exits Taken 7 | . . . . . 1 . 1 . 1 . 1 . 1 . 1 . 1 . . Unknown Exits Taken 5 | 1 1 1 1 1 . . . . . . . . . . . . . . . Scrap Searched 3 | . . 1 . 2 . . . . . . . . . . . . . . . Spaces Dug 75 | . . . . . . . . . . . . . . . 43 29 . 3 . Terrain Destroyed 758 | . . . . . . 21 . 58 5 67 . 76 . 72 237 44 13 15 150 Melee . | . . . . . . . . . . . . . . . . . . . . Projectile 78 | . . . . . . 1 . 5 5 1 . . . 2 24 . 13 10 17 AOE 675 | . . . . . . 20 . 53 . 66 . 76 . 70 213 44 . . 133 Terrain Rammed . | . . . . . . . . . . . . . . . . . . . . Walls Destroyed . | . . . . . . . . . . . . . . . . . . . . Machines Disabled . | . . . . . . . . . . . . . . . . . . . . Actions | -11 -10 -10 -10 -9 -8 -8 -8 -8 -7 -7 -7 -7 -6 -6 -6 -6 -5 -5 -4 --------- Run | Yrd Mat Min Exi Min Mat Gar Mat Gar Fac Gar Fac Gar Fac Gar Fac Gar Fac Gar Fac Total 11951 | 87 739 485 339 571 204 933 127 842 860 951 44 737 121 958 1065 553 836 994 505 Wait 526 | . 15 8 . 7 6 23 6 87 51 59 1 35 8 22 32 77 59 27 3 Move 9688 | 62 602 474 327 550 174 705 97 665 704 742 43 610 94 828 855 335 632 792 397 Hop . | . . . . . . . . . . . . . . . . . . . . Pick Up 268 | 12 30 . 2 4 11 9 . 19 22 12 . 13 7 19 34 24 14 21 15 Fast Attach 83 | . 3 . 3 . . 1 . 5 5 11 . 8 . 1 8 . 13 23 2 Attach 141 | 6 6 . . 2 6 3 . 11 10 5 . 3 1 5 23 21 10 3 26 Detach 19 | . . . 1 . . . . 2 1 . . . . . 5 1 5 1 3 Swap 110 | . 7 1 2 . 1 11 . 3 7 7 . 9 2 7 15 12 14 9 3 Drop 216 | . 19 1 4 1 5 13 . 10 23 20 . 15 4 14 25 8 21 26 7 Fire 804 | 7 57 1 . 7 1 132 24 38 37 82 . 36 5 61 68 60 68 71 49 Melee . | . . . . . . . . . . . . . . . . . . . . Ram . | . . . . . . . . . . . . . . . . . . . . Kick . | . . . . . . . . . . . . . . . . . . . . Crush . | . . . . . . . . . . . . . . . . . . . . Escape Stasis 67 | . . . . . . 10 . 1 . 12 . 8 . . . 15 . 21 . Rewire 28 | . . . . . . 26 . . . 1 . . . 1 . . . . . Trap 1 | . . . . . . . . 1 . . . . . . . . . . . Miscellaneous . | . . . . . . . . . . . . . . . . . . . . Route ------- -11/Scrapyard -10/Materials (discovered 5 exits: [*Mat x3] / [*Min] / [*Sub]) -10/Mines (discovered 3 exits: [*Mat x2] / *Exi) -10/Exiles -9/Mines (discovered 2 exits: *Mat x2) -8/Materials -8/Garrison (discovered 4 exits: *Mat x4) -8/Materials -8/Garrison (discovered 2 exits: *Fac x2) -7/Factory (discovered 3 exits: *Fac / [*Low] / Gar) -7/Garrison (discovered 4 exits: *Fac x4) -7/Factory -7/Garrison (discovered 3 exits: *Fac x3) -6/Factory -6/Garrison (discovered 3 exits: *Fac x3) -6/Factory (discovered 3 exits: *Fac / [*Low] / Gar) -6/Garrison -5/Factory (discovered 3 exits: *Fac / [*Upp] / Gar) -5/Garrison (discovered 3 exits: *Fac x3) -4/Factory History --------- Turn | Location | Event 14 | -11/Scrapyard | Discovered new exit (range 14) 127 | -11/Scrapyard | Entered Materials 303 | -10/Materials | Build established: Mutant 386 | -10/Materials | Discovered new exit (range 3) 606 | -10/Materials | Discovered new exit (range 9) 724 | -10/Materials | Discovered new exit (range 18) 827 | -10/Materials | Derelicts attacked the area 947 | -10/Materials | Discovered new exit (range 13) 1210 | -10/Materials | Discovered new exit (range 10) 1607 | -10/Materials | Entered Mines 1610 | -10/Mines | Received a Mining Laser from a helpful Derelict 1753 | -10/Mines | Learned Materials stockpile data 1983 | -10/Mines | Found DCF Scrap (12 items) 2002 | -10/Mines | Discovered new exit (range 10) 2155 | -10/Mines | A weapon hastily lodged in a ceiling crevice suddenly fell to the ground 2216 | -10/Mines | Discovered new exit (range 6) 2363 | -10/Mines | Deemed a non-threat by the Exiles lab entrance 2363 | -10/Mines | Discovered new exit (range 5) 2378 | -10/Mines | Entered Exiles 2378 | -10/Exiles | Accompanied by 2 allies 2408 | -10/Exiles | Led the pair of lost Derelicts to a safe place 2418 | -10/Exiles | Met 8R-AWN 2449 | -10/Exiles | Met EX-HEX 2522 | -10/Exiles | Met EX-DEC 2548 | -10/Exiles | Learned location of Zion (-6) 2675 | -10/Exiles | Met EX-BIN 2697 | -10/Exiles | Aligned with FarCom system 2699 | -10/Exiles | Given EX-Vault access code 2736 | -10/Exiles | Opened EX-Vault 2752 | -10/Exiles | Found AWS/Gauss 2764 | -10/Exiles | Found Flying Fortress v7 2772 | -10/Exiles | Found Chronowheel 2840 | -10/Exiles | Warned to stay clear of 0b10 Research branches 3038 | -10/Exiles | Discovered new exit (range 10) 3070 | -10/Exiles | Stole three prototypes: AWS/Gauss, Flying Fortress v7, Chronowheel 3070 | -10/Exiles | Entered Mines 3483 | -9/Mines | Assisted by bots powering up and referring to "LRC-V3" 3915 | -9/Mines | Learned Materials emergency access door positions 3957 | -9/Mines | Discovered new exit (range 8) 4779 | -9/Mines | Learned Materials stockpile data 4811 | -9/Mines | Discovered new exit (range 6) 4865 | -9/Mines | Entered Materials 4865 | -8/Materials | Accompanied by 3 allies 4865 | -8/Materials | Evolved 4 slots: Utility x2, Weapon x2 5189 | -8/Materials | Build established: Tank 5447 | -8/Materials | Identified exit to Garrison 5453 | -8/Materials | Entered Garrison 5453 | -8/Garrison | Accompanied by 2 allies 5527 | -8/Garrison | Build established: Hacker-Skirmisher 5539 | -8/Garrison | Rescued a captive Derelict 5541 | -8/Garrison | Rescued a captive Derelict 5579 | -8/Garrison | Garrison Relay disabled 5905 | -8/Garrison | Triggered checkpoint 6130 | -8/Garrison | Discovered new exit (range 5) 6304 | -8/Garrison | Lost 5 allies 6415 | -8/Garrison | Destroyed 7 combat bots 6417 | -8/Garrison | Build established: Skirmisher 6531 | -8/Garrison | Garrison Relay disabled 6579 | -8/Garrison | Discovered new exit (range 10) 6754 | -8/Garrison | Discovered new exit (range 10) 6848 | -8/Garrison | Installed Relay Interface Framework 7054 | -8/Garrison | Garrison Relay disabled 7083 | -8/Garrison | Garrison Relay disabled 7137 | -8/Garrison | Discovered new exit (range 11) 7259 | -8/Garrison | Entered Materials 7345 | -8/Materials | Build established: Bothacker-Skirmisher 7362 | -8/Materials | Garrison activated, responded to threat 7442 | -8/Materials | Destroyed 7 combat bots 7462 | -8/Materials | Garrison activated, responded to threat 7490 | -8/Materials | Identified exit to Garrison 7490 | -8/Materials | Entered Garrison 7567 | -8/Garrison | Expanded RIF knowledge: Signal Jamming 7696 | -8/Garrison | Phase Generator disabled 7770 | -8/Garrison | Garrison Relay disabled 7882 | -8/Garrison | Spotted B-75 Beast 7924 | -8/Garrison | Destroyed B-75 Beast 8078 | -8/Garrison | Core integrity fell below 50% 8131 | -8/Garrison | Triggered checkpoint 8165 | -8/Garrison | Lost 6 parts (1p1n1u3w) 8188 | -8/Garrison | Destroyed 17 combat bots 8276 | -8/Garrison | Discovered new exit (range 9) 8475 | -8/Garrison | Discovered new exit (range 10) 8526 | -8/Garrison | Expanded RIF knowledge: Autooverride 8639 | -8/Garrison | Garrison Relay disabled 8641 | -8/Garrison | Garrison Relay disabled 8656 | -8/Garrison | Destroyed 8 combat bots 8742 | -8/Garrison | Entered Factory 8742 | -7/Factory | Evolved 2 slots: Utility x2 8744 | -7/Factory | FarCom data flow suspended 9027 | -7/Factory | Fabricated Imp. Medium Treads (x2) 9056 | -7/Factory | Build established: Bothacker-Gunner 9171 | -7/Factory | Fabricated Hvy. Antimatter Reactor? 9246 | -7/Factory | Discovered new exit (range 14) 9485 | -7/Factory | Build established: Bothacker-Tank 9504 | -7/Factory | AWS/Gauss suddenly broke down 9823 | -7/Factory | Discovered new exit (range 15) 9961 | -7/Factory | Garrison activated, responded to threat 9977 | -7/Factory | Garrison activated, responded to threat 10035 | -7/Factory | Identified exit to Garrison 10035 | -7/Factory | Entered Garrison 10035 | -7/Garrison | Accompanied by 1 ally 10099 | -7/Garrison | Triggered checkpoint 10142 | -7/Garrison | Garrison Relay disabled 10172 | -7/Garrison | Learned Factory security intel 10243 | -7/Garrison | Triggered checkpoint 10289 | -7/Garrison | Phase Generator disabled 10483 | -7/Garrison | Triggered checkpoint 10660 | -7/Garrison | Discovered new exit (range 13) 10799 | -7/Garrison | Triggered checkpoint 10895 | -7/Garrison | Expanded RIF knowledge: Threat Obfuscation 11016 | -7/Garrison | Garrison Relay disabled 11332 | -7/Garrison | Build established: Botlord-Tank 11387 | -7/Garrison | Triggered checkpoint 11435 | -7/Garrison | Triggered checkpoint 11511 | -7/Garrison | Discovered new exit (range 11) 11581 | -7/Garrison | Triggered checkpoint 11606 | -7/Garrison | Found embedded Infiltrators 11747 | -7/Garrison | Triggered checkpoint 11796 | -7/Garrison | Discovered new exit (range 64) 11796 | -7/Garrison | Discovered new exit (range 26) 11796 | -7/Garrison | Discovered new exit (range 30) 11796 | -7/Garrison | Discovered new exit (range 72) 11853 | -7/Garrison | Garrison Relay disabled 12027 | -7/Garrison | Triggered checkpoint 12079 | -7/Garrison | Entered Factory 12079 | -7/Factory | Accompanied by 6 allies 12183 | -7/Factory | Identified exit to Garrison 12184 | -7/Factory | Entered Garrison 12184 | -7/Garrison | Accompanied by 6 allies 12288 | -7/Garrison | Triggered checkpoint 12343 | -7/Garrison | Learned Factory security intel 12359 | -7/Garrison | Build established: Commander-Tank 12363 | -7/Garrison | Garrison Relay disabled 12486 | -7/Garrison | Triggered checkpoint 12572 | -7/Garrison | Triggered checkpoint 12613 | -7/Garrison | Discovered new exit (range 14) 12700 | -7/Garrison | Garrison Relay disabled 12753 | -7/Garrison | Build established: Botlord-Tank 12768 | -7/Garrison | Rescued a captive Derelict 12770 | -7/Garrison | Rescued a captive Derelict 12820 | -7/Garrison | Triggered checkpoint 12884 | -7/Garrison | Triggered checkpoint 13145 | -7/Garrison | Discovered new exit (range 11) 13204 | -7/Garrison | Phase Generator disabled 13489 | -7/Garrison | Expanded RIF knowledge: Hotswap 13536 | -7/Garrison | Triggered checkpoint 13576 | -7/Garrison | Core integrity fell below 50% 13583 | -7/Garrison | Expanded RIF knowledge: Threat Obfuscation 13787 | -7/Garrison | Discovered new exit (range 14) 13834 | -7/Garrison | Entered Factory 13834 | -6/Factory | Accompanied by 4 allies 13834 | -6/Factory | Evolved 2 slots: Propulsion x2 14013 | -6/Factory | Identified exit to Garrison 14013 | -6/Factory | Entered Garrison 14013 | -6/Garrison | Accompanied by 4 allies 14055 | -6/Garrison | Triggered checkpoint 14082 | -6/Garrison | Garrison Relay disabled 14256 | -6/Garrison | Found Quantum Capacitor 14387 | -6/Garrison | Triggered checkpoint 14634 | -6/Garrison | Lost 3 allies 14660 | -6/Garrison | Lost 5 parts (1p1u3w) 14693 | -6/Garrison | Triggered checkpoint 14804 | -6/Garrison | Discovered new exit (range 14) 14963 | -6/Garrison | Triggered checkpoint 15044 | -6/Garrison | Discovered new exit (range 15) 15091 | -6/Garrison | Phase Generator disabled 15165 | -6/Garrison | Triggered checkpoint 15211 | -6/Garrison | Triggered checkpoint 15291 | -6/Garrison | Expanded RIF knowledge: Structural Interface 15333 | -6/Garrison | Discovered new exit (range 10) 15377 | -6/Garrison | Triggered checkpoint 15401 | -6/Garrison | Triggered checkpoint 15461 | -6/Garrison | Expanded RIF knowledge: Autoassimilate 15556 | -6/Garrison | Entered Factory 15556 | -6/Factory | Accompanied by 5 allies 15566 | -6/Factory | Identified exit to DSF 15638 | -6/Factory | Spotted B-75 Beast 15646 | -6/Factory | Assimilated Beast 5a with formatsys_high 15800 | -6/Factory | Discovered new exit (range 6) 15900 | -6/Factory | Discovered new exit (range 15) 16438 | -6/Factory | Cargo convoy interrupted 16475 | -6/Factory | Lost 4 allies 16707 | -6/Factory | Found Prototype Launcher 16708 | -6/Factory | Identified Tactical Quantum Warhead 16731 | -6/Factory | Found Prototype Energy Cannon 16732 | -6/Factory | Identified Exp. Thermic Cannon 16744 | -6/Factory | Found Prototype Device 16748 | -6/Factory | Lost 3 parts (1n2w) 16780 | -6/Factory | Found Prototype Launcher 16781 | -6/Factory | Identified Adv. Micro-nuke Launcher 16789 | -6/Factory | Found Prototype Device 16790 | -6/Factory | Identified Adv. EM Shield (x2) 16800 | -6/Factory | Found Tactical Quantum Warhead 16810 | -6/Factory | Found Tactical Quantum Warhead 16815 | -6/Factory | Found Tactical Quantum Warhead 16956 | -6/Factory | First assault squad dispatched 17020 | -6/Factory | Destroyed 8 combat bots 17237 | -6/Factory | Identified exit to Garrison 17243 | -6/Factory | Entered Garrison 17243 | -6/Garrison | Accompanied by 2 allies 17287 | -6/Garrison | Triggered checkpoint 17371 | -6/Garrison | Garrison Relay disabled 17418 | -6/Garrison | Spotted B-75 Beast 17450 | -6/Garrison | Destroyed 9 combat bots 17455 | -6/Garrison | Triggered checkpoint 17505 | -6/Garrison | Destroyed B-75 Beast 17532 | -6/Garrison | Lost 11 parts (1p2n4u4w) 17540 | -6/Garrison | Core integrity fell below 50% 17590 | -6/Garrison | Lost 3 parts (3n) 17611 | -6/Garrison | Triggered checkpoint 17719 | -6/Garrison | Build established: Mutant 17726 | -6/Garrison | Spotted B-75 Beast 17779 | -6/Garrison | Triggered checkpoint 17812 | -6/Garrison | Destroyed B-75 Beast 17836 | -6/Garrison | Lost 5 parts (2n1u2w) 17952 | -6/Garrison | Discovered new exit (range 10) 18031 | -6/Garrison | Found Gamma Bomb Array 18151 | -6/Garrison | Spotted B-75 Beast 18153 | -6/Garrison | Rewired B-75 Beast 18175 | -6/Garrison | Entered Factory 18175 | -5/Factory | Evolved 2 slots: Utility x2 18471 | -5/Factory | Build established: Tank 18699 | -5/Factory | Discovered new exit (range 9) 18764 | -5/Factory | Lost 3 parts (1n2w) 19456 | -5/Factory | Discovered new exit (range 12) 19686 | -5/Factory | Fabricated Imp. Armor Integrity Analyzer (x2) 19722 | -5/Factory | Identified exit to Garrison 19722 | -5/Factory | Entered Garrison 19796 | -5/Garrison | Spotted B-75 Beast 19830 | -5/Garrison | Destroyed B-75 Beast 19935 | -5/Garrison | Build established: Gunner 20014 | -5/Garrison | Found embedded Infiltrators 20014 | -5/Garrison | Discovered new exit (range 12) 20082 | -5/Garrison | Triggered checkpoint 20260 | -5/Garrison | P-70 Sage assimilated allied UQ-32D(x) 20420 | -5/Garrison | Triggered checkpoint 20463 | -5/Garrison | Expanded RIF knowledge: Threat Obfuscation 20518 | -5/Garrison | Garrison Relay disabled 20781 | -5/Garrison | Discovered new exit (range 12) 20867 | -5/Garrison | Build established: Botlord-Tank 20868 | -5/Garrison | Triggered checkpoint 20904 | -5/Garrison | Triggered checkpoint 21016 | -5/Garrison | Expanded RIF knowledge: Watcher Feeds 21045 | -5/Garrison | Discovered new exit (range 10) 21421 | -5/Garrison | Entered Factory 21421 | -4/Factory | Accompanied by 5 allies 21421 | -4/Factory | Evolved 2 slots: Power x1, Propulsion x1 21632 | -4/Factory | Unchained authorized (6S-H0T) 21759 | -4/Factory | Spotted B-86 Titan 21782 | -4/Factory | Allies destroyed B-86 Titan 22117 | -4/Factory | Lost 4 parts (1p3u) 22182 | -4/Factory | Core integrity fell below 50% 22233 | -4/Factory | Lost 13 parts (2p3n2u6w) 22300 | -4/Factory | Core integrity fell below 20% 22302 | -4/Factory | Activated Chronowheel 22303 | -4/Factory | Destroyed by 6S-H0T with 6S-H0T's Six Shooter Last Messages --------------- 22297_ Slug penetrates Wall. 22299_ Neutrino Reactor explodes. 22299_ Tiamat Bomb Trap short circuited. 22299_ Door malfunctions. 22299_ An explosion rips through the floor. 22299_ Fusion Modulator explodes. 22299_ Hvy. Siege Treads destroyed. 22299_ Neutrino Reactor explodes. 22299_ Nuclear Reactor explodes. 22299_ Slug penetrates Wall. 22300_ Dropped Huge Storage Unit. 22300_ Penetrated by Slug. 22300_ Dropped Relay Coupler [Sentry]. 22301_ Acquired Chronowheel. 22301_ K-01 Serf collects debris. 22302_ 6S-H0T reloads Prototype Ballistic Gun with 6S-H0T's SS Cartridge. 22302_ Spacetime feels off. 22303_ Relay Coupler [Heavy] destroyed. 22303_ Exp. Energy Well blasted off. Map ----- +----------------------------------------------------+ | # # """"""??????????????##??# | | # #?? ??????????###### #### | | # #####+#############""""""""#"# | | # + + # | | # ##### ######## ## # | | + #???# #??????# #" * =" | | # #???# #??????# #" !%" | | # #???# #??????# #" " | | # #???# #??????# #" " | | # #???# #??????# #" " | | # #???# #??????# ## % " | | ##############???# #??????# ## ! % "# | | #???????????? ???????? ?# =[ "# | | #???????????? ???????? ?# =% "# | | #???????????? ???????? ?# ## | | #???????????? ???????? ?###"""""""""### | | #????########+######?# ??# ## | | ####?# [ ;#?# #?# ## | | #?# ! ;### #?# #### # | | #?# ; # #?# #??# ? | | #?# ;;; #?# ####+# | | ##### #?#! #?# # | | #####?### ### ;# #?# = # | | ??????# [ #! # ########+###### | | ?###### # !!! # +%""" | | + # !!@! # ###### """ | | ?######% ;h |k]### # # """ | | ??????# ! # ! # # | | ??????## ## 8 ! h # ########### | | ???????# ##;#####/###### ########### | | ???????# | | ???????# #################+########### | | ???????# #??????????????? ?????????? | | ???????###############??????????????? ?????????? | | ????????##?????????????????????????? ????????? | | ???????????????????????????????????? ????????? | | ???????????????????????????????????# ???????? | | ???????????????????????????????????# ???????? | | ???????????????????????????????????########??????? | | ?????????????????????????????????????????????????? | | | | | | | | | | | | | | | | | | | | | +----------------------------------------------------+ Best States ------------- Heat Dissipation 116 Energy Generation 45 Energy Capacity 950 Matter Stores 300 Matter Capacity 300 Sight Range 16 Terrain Scan Density 10 ECM Strength 1 Cloak Strength 2 Base Temperature (-) 150 Armor Coverage 600 Resistance: EM 50 Propulsion Shielding 90 Utility Shielding 66 Phase Shifting 10 Evasion (%) 50 Targeting Accuracy 20 Target Analysis 6 Armor Integrity Analysis 40 Recoil Reduction 7 Salvage Targeting 6 Offensive Hacking 10 Defensive Hacking 10 Relay Coupler Types 5 Relay Coupler Value 126 Authchip Count 2 Trap Extractor Capacity 4 Item Schematics ----------------- None Robot Schematics ------------------ None Fabricated ------------ Imp. Medium Treads | x2 | -7/Factory | Preloaded Hvy. Antimatter Reactor | x1 | -7/Factory | Preloaded Imp. Armor Integrity Analyzer | x2 | -5/Factory | Preloaded Repaired ---------- Nothing Studied --------- Hvy. Assault Rifle | -8/Materials | Hacked Imp. Datajack | -8/Materials | Hacked Wheel | -6/Factory | Hacked Alien Tech Used ----------------- None Achievements -------------- Watcher Gambling Challenges ------------ None Game ------ Seed SalvagingCoilTurbovents Manual? 0 Play Time 02:53:45 Cumulative 465.2 hours Start 2025.11.03 @ 07:24:03 End 2025.11.03 @ 16:11:32 Sessions 13 Manual Loads 0 Difficulty Rogue Special Mode None Game No. 581 Rogue 581 Adventurer 0 Explorer 0 Win Type - Total 14 Types 6/0/2/2/1/0/2/1/0/0 Lore% 90 Gallery% 85 Achievement% 62 Wizard Run 0 Options --------- Layout 2 ASCII 0 Keyboard 0 Movement Mouse Keybinds 0 Fullscreen 1 Font 24/Smallcaps Map View 50x49 Zoom Use 0% Tactical HUD 1 Map Filters NONE Filters NONE Steam 1 RUN: 29910184-cec9-4ec5-afed-278c1e9b209d